 Dungeon Crawl Stone Soup version 0.27.1-1-g398f81649c (webtiles) character file.

Game seed: 5696637013560919826

597 ZARRMARR the Conjurer (level 7, -6/41 HPs)
             Began as an Octopode Conjurer on Sept 11, 2021.
             Mangled by an ogre (21 damage)
             ... on level 4 of the Dungeon.
             The game lasted 00:15:49 (4823 turns).

ZARRMARR the Conjurer (Octopode Conjurer)           Turns: 4823, Time: 00:15:50

Health: -6/41      AC:  1    Str:  6    XL:     7   Next: 40%
Magic:  13/13      EV: 32    Int: 29    God:
Gold:   150        SH:  4    Dex: 10    Spells: 11/14 levels left

rFire    . . .     SeeInvis .   s - +3 long sword (holy)
rCold    . . .     Faith    .   f - +0 buckler
rNeg     . . .     Spirit   .   (helmet restricted)
rPois    .         Reflect  .   o - amulet of the acrobat
rElec    .         Harm     .   j - +4 ring of evasion
rCorr    .         Rampage  .   t - +6 ring of intelligence
Will     .....                  (no ring)
Stlth    +++.......             (no ring)
HPRegen  0.13/turn              (no ring)
MPRegen  0.13/turn              (no ring)
                                (no ring)
                                (no ring)

@: acrobatic
A: almost no armour, amphibious, 8 rings, camouflage 1, gelatinous body 1,
(nimble swimmer 1), tentacles
a: no special abilities


You were on level 4 of the Dungeon.
You visited 1 branch of the dungeon, and saw 4 of its levels.

You collected 150 gold pieces.

Inventory:

Hand Weapons
 s - a +3 long sword of holy wrath (weapon)
Armour
 f - a +0 buckler (worn)
Magical Staves
 b - a staff of fire
 m - a staff of air
Jewellery
 j - a +4 ring of evasion (left tentacle)
 o - an amulet of the acrobat (around mantle)
 t - a +6 ring of intelligence (right tentacle)
Wands
 i - a wand of flame (3)
Scrolls
 c - a scroll of immolation {unknown}
 d - a scroll of amnesia
 g - a scroll of torment {unknown}
 h - a scroll of fog {unknown}
 l - a scroll of teleportation {unknown}
 n - a scroll of identify
 p - a scroll of blinking {unknown}
 q - 2 scrolls of vulnerability
Potions
 a - 2 potions of flight {unknown}
 e - a potion of attraction {unknown}
 k - a potion of might {unknown}
 r - a potion of curing {unknown}


   Skills:
 - Level 2.0 Dodging
 - Level 2.6 Stealth
 + Level 3.4 Shields
 + Level 4.0 Spellcasting
 - Level 4.0 Conjurations
 + Level 3.6 Transmutations
 + Level 3.6 Earth Magic


You had 11 spell levels left.
You knew the following spells:

 Your Spells              Type           Power      Damage    Failure   Level
a - Magic Dart            Conj           100%       1d8       1%          1
b - Searing Ray           Conj           58%        3d5       2%          2

Your spell library contained the following spells:

 Spells                   Type           Power      Damage    Failure   Level
 Dazzling Flash           Conj/Hex       34%        N/A       10%         3
 Fulminant Prism          Conj/Hex       8%         3d7       32%         4
 Iskenderun's Mystic Bla  Conj/Tloc      17%        2d5       32%         4


Dungeon Overview and Level Annotations

Branches:
Dungeon (4/15)
 Temple: D:4-7

Altars:
Ru

Annotations:
D:4 3 runed translucent doors, GravelGoth's ghost, amateur OpTm; Menkaure


Innate Abilities, Weirdness & Mutations

You cannot wear most types of armour.
You are amphibious.
You can wear up to eight rings at the same time.
Your skin changes colour to match your surroundings (Stealth+).
Your rubbery body absorbs attacks. (AC +1, EV +1)
((You are camouflaged near water. (Stealth+)))
You have tentacles for arms and can constrict up to eight enemies at once.


Message History

You constrict Crazy Yiuf. Crazy Yiuf closely misses you.
You riposte.
You hit Crazy Yiuf.
You kill Crazy Yiuf!
There is an open translucent door here.
Things that are here:
a +4 quarterstaff of chaos; a +0 cloak You flicker for a moment.
You flicker back into view.
Done exploring.
There is an open translucent door here.
Things that are here:
a +4 quarterstaff of chaos; a +0 cloak Your magical contamination has completely faded away.
Press: ? - help, v - describe, . - travel A stone staircase leading down.
Removed exclusion.
Unknown command.
You see here a frilled lizard skeleton.
There is a stone staircase leading down here.
You climb downwards.
There is a stone staircase leading up here.
You see here 20 stones.
There is an open door here.
There is an open door here.
There is an open door here.
There is a stone staircase leading down, spattered with blood here.
You climb downwards.
Level annotation: 3 runed translucent doors, GravelGoth's ghost, amateur OpTm; Menkaure The ogre completely misses you.
There is a stone staircase leading up here.
You hit the ogre. You squeeze the ogre.
The ogre is lightly wounded.
The ogre hits you with a +0 giant spiked club!!
Ouch! That really hurt!
Unknown command.
Menkaure gestures wildly while chanting.
Menkaure seems to speed up.
The ogre hits you with a +0 giant spiked club!!
Ouch! That really hurt!
You die...

#..........#
#..........#
#..........#
###########. #. #. ≈≈
###### #. ≈≈≈♣####....#
## ≈P≈♣.[@.....#
≈≈≈≈≈...O....#
≈P≈≈≈...♣....###########
≈≈≈≈....≈♣.<.'..........
≈≈≈≈≈..≈≈≈♣..#####<.....
≈≈≈≈≈≈...≈≈♣..# #######
P≈≈≈≈...M≈≈♣♣.#
≈≈≈≈P≈..≈≈♣♣♣##
≈≈≈≈≈..≈≈≈≈♣


You could see an ogre and Menkaure (fast).

Vanquished Creatures
  Grinder (D:3)
  Sigmund (D:3)
  A scorpion (D:4)
  Crazy Yiuf (D:2)
  Terence (D:2)
  Jessica (D:2)
  4 adders
  3 worms
  2 dart slugs
  6 orcs
  5 ball pythons
  5 endoplasms
  2 giant cockroaches (D:2)
  4 goblins
  6 hobgoblins
  4 kobolds
  A quokka (D:1)
  5 bats
  4 frilled lizards
  5 rats
62 creatures vanquished.

Vanquished Creatures (others)
  4 fungi (D:3)
  6 plants
10 creatures vanquished.

Grand Total: 72 creatures vanquished

Notes
Turn   | Place    | Note
-------+----------+-------------------------------------------
     0 | D:1      | ZARRMARR the Octopode Conjurer began the quest for the Orb.
     0 | D:1      | Reached XP level 1. HP: 11/11 MP: 3/3
   233 | D:1      | Reached XP level 2. HP: 17/17 MP: 5/5
   345 | D:1      | Reached skill level 1 in Transmutations
   534 | D:1      | Reached skill level 1 in Earth Magic
   852 | D:1      | Found a faded altar of an unknown god.
   866 | D:1      | Reached XP level 3. HP: 20/21 MP: 1/6
  1545 | D:2      | Noticed Terence
  1618 | D:3      | Noticed Grinder
  1625 | D:3      | Paralysed by Grinder for 6 turns
  1786 | D:3      | Reached skill level 1 in Shields
  1955 | D:3      | Reached XP level 4. HP: 27/27 MP: 3/7
  2260 | D:3      | Noticed Sigmund
  2354 | D:4      | Found a runed translucent gate.
  2355 | D:4      | Found a runed translucent gate.
  2355 | D:4      | Noticed GravelGoth's ghost (amateur OpTm)
  2372 | D:4      | Found a runed translucent gate.
  2906 | D:4      | Noticed a scorpion
  2914 | D:4      | Killed a scorpion
  2915 | D:4      | Reached XP level 5. HP: 31/31 MP: 0/9
  2989 | D:4      | Noticed Menkaure
  2990 | D:4      | Noticed an ogre
  3099 | D:3      | Killed Sigmund
  3100 | D:3      | Reached XP level 6. HP: 9/36 MP: 9/11
  3366 | D:3      | Found a sacrificial altar of Ru.
  3400 | D:3      | Paralysed by Grinder for 5 turns
  3405 | D:3      | Killed Grinder
  3406 | D:3      | Reached XP level 7. HP: 9/41 MP: 12/12
  4192 | D:2      | Noticed Jessica
  4295 | D:2      | Killed Terence
  4430 | D:2      | Killed Jessica
  4517 | D:2      | Learned a level 2 spell: Searing Ray
  4563 | D:2      | Found a runed translucent door.
  4564 | D:2      | Noticed Crazy Yiuf
  4667 | D:2      | Killed Crazy Yiuf
  4823 | D:4      | Mangled by an ogre

Illustrated notes

Levels and vault maps discovered:
D:1:      psy_arrival_basics, layout_basic, basic_ecumenical_altar
D:2:      layout_rooms, uniq_terence, uniq_crazy_yiuf_cottage, uniq_jessica
D:3:      layout_loops_corners, nicolae_ru_the_path_less_chosen, hex_medium,
          uniq_sigmund, uniq_grinder
D:4:      layout_basic, gammafunk_ghost_split, serial_bayou_ford_a,
          uniq_menkaure

Skill      XL: |  1  2  3  4  5  6  7 |
---------------+----------------------+-----
Transmutations | 1 2 3 |  3.6
Earth Magic    | 1 2 3 |  3.6
Shields        | 1 2 3 |  3.4
Spellcasting   | 3 4 |  4.0
Dodging        | |  2.0
Stealth        | |  2.6
Conjurations   | |  4.0

Action                   |  1- 3 |  4- 6 |  7- 9 || total
-------------------------+-------+-------+-------++-------
Melee: Unarmed           |     3 |       |       ||     3
       Staff             |     9 |    10 |       ||    19
       Constrict         |     3 |     9 |     2 ||    14
       Long sword        |       |    16 |    16 ||    32
       Tentacles         |       |     3 |     3 ||     6
 Cast: Magic Dart        |    78 |    31 |    26 ||   135
Evoke: Wand              |       |     9 |     2 ||    11
  Use: Scroll            |     2 |       |     2 ||     4
       Potion            |       |     1 |       ||     1
 Stab: Sleeping          |       |       |     1 ||     1
Armor: Skin              |     5 |       |       ||     5
Dodge: Dodged            |    13 |    15 |    14 ||    42
Block: Buckler           |       |     4 |     3 ||     7
       Rpst.: Long sword |       |     1 |     2 ||     3
